 Seeded DCSS version 0.29-a0-334-gb41bcbb86e (webtiles) character file.

Game seed: 10532045244604501396 (custom seed)

12 zeratav the Insei (level 2, 0/18 HPs)
             Began as an Octopode Transmuter on Apr 14, 2022.
             Slain by a bat (1 damage)
             ... on level 1 of the Dungeon.
             The game lasted 00:00:56 (705 turns).

zeratav the Insei (Octopode Transmuter)              Turns: 705, Time: 00:00:57

Health: 0/18       AC:  1    Str:  9    XL:     2   Next: 33%
Magic:  5/5        EV: 13    Int: 15    God:
Gold:   43         SH:  0    Dex: 12    Spells: 4/5 levels left

rFire   . . .      SeeInvis .     - Unarmed
rCold   . . .      Faith    .   (no shield)
rNeg    . . .      Spirit   .   (helmet restricted)
rPois   .          Reflect  .   (no amulet)
rElec   .          Harm     .   (no ring)
rCorr   .          Rampage  .   (no ring)
Will    .....                   (no ring)
Stlth   +++.......              (no ring)
HPRegen 0.06/turn               (no ring)
MPRegen 0.09/turn               (no ring)
                                (no ring)
                                (no ring)

@: no status effects
A: almost no armour, amphibious, 8 rings, camouflage 1, gelatinous body 1,
(nimble swimmer 1), tentacles
a: no special abilities


You were on level 1 of the Dungeon.
You visited 1 branch of the dungeon, and saw 1 of its levels.

You collected 43 gold pieces.


Innate Abilities, Weirdness & Mutations

You cannot wear most types of armour.
You are amphibious.
You can wear up to eight rings at the same time.
Your skin changes colour to match your surroundings (Stealth+).
Your rubbery body absorbs attacks. (AC +1, EV +1)
((You are camouflaged when in or above water. (Stealth+)))
You have tentacles for arms and can constrict up to eight enemies at once.


   Skills:
 + Level 1.3 Fighting
 + Level 2.2 Dodging
 + Level 1.0 Stealth
 * Level 3.2 Unarmed Combat
 - Level 2.0 Spellcasting
 - Level 2.0 Transmutations


You had 4 spell levels left.
You knew the following spells:

 Your Spells              Type           Power      Damage    Failure   Level
a - Beastly Appendage     Tmut           14%        N/A       10%         1

Your spell library contained the following spells:

 Spells                   Type           Power      Damage    Failure   Level
 Wereblood                Tmut           7%         N/A       14%         2
 Spider Form              Tmut/Pois      4%         N/A       41%         3
 Ice Form                 Ice/Tmut       4%         N/A       82%         4

Inventory:

Jewellery
 c - a +4 ring of protection
   (You found it on level 1 of the Dungeon)
Scrolls
 b - a scroll of magic mapping {unknown}
 e - a scroll of enchant armour {unknown}
 f - a scroll of blinking {unknown}
 g - a scroll of teleportation {unknown}
Potions
 a - a potion of lignification {!q}
 d - a potion of mutation {unknown}

Dungeon Overview and Level Annotations

Branches:
Dungeon (1/15)

Altars:

Shops:
D:1

[ ..##................#
.###...............## .......
#..........# .....# #..........#
.....# #....:.....# # .....#
#..........##.# .....#
#..........(..# .....#
#..#.).b†...###
...############.@.#.#############
...##...##...####...............#
.....#[.....#.# #...#...........#
###...#....#..# #†####..........#
...(...#..#...###.###...........#
##......##....##..##.............
#......##....##.....#........§.§
#....###.#...##.#####...........
###### #..#..##.## ############


You could see a bat.


Message History

The jackal barely misses you.
You closely miss the jackal.
The jackal barks!
Your grab misses the jackal. The jackal attacks as you move away!
The jackal barely misses you. x2
The bat hits you.
HP[-1]
You take 1 damage, and now have 11/18 hp.
Your tentacle spike disappears.
The bat closely misses you. The jackal closely misses you.
MP[+1]
Your mp is fully restored (5).
The jackal bites you.
HP[-1]
You take 1 damage, and now have 10/18 hp.
The jackal attacks as you move away! The jackal bites you.
* * * LOW HITPOINT WARNING * * *
The jackal closely misses you. The jackal attacks as you move away!
The jackal bites you but does no damage.
The jackal closely misses you.
Casting: Beastly Appendage (safe; 10% risk of failure)
Confirm with . or Enter, or press ? or * to list all spells.
One of your tentacles grows a vicious spike.
The jackal completely misses you.
MP[-1]
You lost 1 mp, and now have 4/5 mp.
You tentacle-slap the jackal. You grab the jackal.
You pierce the jackal.
You kill the jackal!
You barely miss the jackal. Your grab misses the jackal.
You squeeze the jackal.
You kill the jackal!
The jackal closely misses you.
Your Stealth skill increases to level 1!
You closely miss the jackal. You grab the jackal.
Your tentacle spike misses the jackal.
You squeeze the jackal. You constrict the jackal. The jackal bites you.
* * * LOW HITPOINT WARNING * * *
HP[-1]
You take 1 damage, and now have 9/18 hp.
You tentacle-slap the jackal.
You kill the jackal!
The bat misses you.
You barely miss the bat. You grab the bat. You constrict the bat.
The bat barely misses you.
The bat struggles to escape constriction.
The bat escapes!
The bat barely misses you. The jackal closely misses you. The jackal bites you.
* * * LOW HITPOINT WARNING * * *
Things that are here:
a jackal corpse; a jackal corpse; a jackal corpse HP[-1]
You take 1 damage, and now have 8/18 hp.
You barely miss the jackal. Your grab misses the jackal.
Your tentacle spike misses the jackal.
The bat hits you.
* * * LOW HITPOINT WARNING * * *
The jackal bites you.
* * * LOW HITPOINT WARNING * * *
HP[-3]
You take 3 damage, and now have 5/18 hp.
You tentacle-slap the jackal but do no damage.
Your grab misses the jackal.
You pierce the jackal.
Your transformation is almost over.
The bat misses you. The jackal bites you.
* * * LOW HITPOINT WARNING * * *
HP[-2]
You take 2 damage, and now have 3/18 hp.
You completely miss the jackal. Your grab misses the jackal.
Your tentacle spike misses the jackal.
The bat barely misses you. The jackal misses you. The jackal bites you.
* * * LOW HITPOINT WARNING * * *
HP[-1]
You take 1 damage, and now have 2/18 hp.
You barely miss the jackal. You grab the jackal. You constrict the jackal.
You kill the jackal!
The bat barely misses you. The bat hits you but does no damage.
MP[+1]
Your mp is fully restored (5).
You miss the bat. Your grab misses the bat.
Your tentacle spike misses the bat.
The bat barely misses you. The bat barely misses you. The bat misses you.
A bat comes into view.
The bat misses you.
You closely miss the bat. Your grab misses the bat.
Your tentacle spike misses the bat.
The bat hits you.
* * * LOW HITPOINT WARNING * * *
The bat closely misses you. The bat barely misses you.
You tentacle-slap the bat but do no damage.
Your grab misses the bat.
You pierce the bat, but do no damage.
The bat barely misses you. The bat hits you.
* * * LOW HITPOINT WARNING * * *
HP[-1]
You take 1 damage, and now have 1/18 hp.
Your tentacle spike disappears.
The bat closely misses you.
You tentacle-slap the bat.
You kill the bat!
The bat hits you.
You die...

Skill      XL: |  1  2 |
---------------+-------+-----
Stealth        | 1 |  1.0
Fighting       | |  1.3
Dodging        | |  2.2
Unarmed Combat | |  3.2
Spellcasting   | |  2.0
Transmutations | |  2.0

Action                   || total
-------------------------++-------
Melee: Unarmed           ||    30
       Kick              ||     7
       Constrict         ||     7
       Tentacles         ||     3
 Cast: Beastly Appendage ||     9
 Stab: Sleeping          ||     1
Armor: Skin              ||     2
Dodge: Dodged            ||    33

Levels and vault maps discovered:
D:1:      nzn_arrival_depleted_hourglass, layout_rooms, serial_shops, shop,
          ebering_ecumenical_altar_mist, hangedman_decor_slide_cut

Notes
Turn   | Place    | Note
-------+----------+-------------------------------------------
     0 | D:1      | zeratav the Octopode Transmuter began the quest for the
                  | Orb.
     0 | D:1      | Reached XP level 1. HP: 13/13 MP: 3/3
     0 | D:1      | magus.rc [v1.9.6]
    39 | D:1      | Found Neut's Antique Armour Shoppe.
   522 | D:1      | Found a faded altar of an unknown god.
   569 | D:1      | Reached XP level 2. HP: 12/18 MP: 3/5
   689 | D:1      | Reached skill level 1 in Stealth
   694 | D:1      | HP: 3/18 [jackal (2)]
   701 | D:1      | HP: 2/18 [bat (1)]
   705 | D:1      | Slain by a bat

Vanquished Creatures
  A giant cockroach (D:1)
  A goblin (D:1)
  4 jackals (D:1)
  A kobold (D:1)
  A quokka (D:1)
  A bat (D:1)
  A frilled lizard (D:1)
  A rat (D:1)
11 creatures vanquished.

Table legend:
 A = Non-vault XP
 B = Vault XP
 C = Vault XP percentage of total XP
 D = Non-vault monster count
 E = Vault monster count
 F = Vault count percentage of total count
                 A         B        C        D         E       F
            +---------+---------+-------+---------+---------+-------
      Total |      19 |       0 |   0.0 |      11 |       0 |   0.0
            +---------+---------+-------+---------+---------+-------
        D:1 |      19 |       0 |   0.0 |      11 |       0 |   0.0
            +---------+---------+-------+---------+---------+-------

Illustrated notes

Table legend:
 A = Kills in this place as a percentage of kills in entire the game.
 B = Kills by you in this place as a percentage of kills by you in the entire game.
 C = Kills by friends in this place as a percentage of kills by friends in the entire game.
 D = Other kills in this place as a percentage of other kills in the entire game.
 E = Experience gained in this place as a percentage of experience gained in the entire game.
 F = Experience gained in this place divided by the number of levels of this place that you have seen.
                   A       B       C       D       E      F
               +-------+-------+-------+-------+-------+----------------------
         Total | 100.0 | 100.0 |   N/A |   N/A | 100.0 |  19.0
       Dungeon | 100.0 | 100.0 |   N/A |   N/A | 100.0 |  19.0
               +-------+-------+-------+-------+-------+----------------------

Table legend: (Time is in decaauts)
 A = Elapsed time spent in this place.
 B = Non-inter-level travel time spent in this place.
 C = Inter-level travel time spent in this place.
 D = Time resting spent in this place.
 E = Time spent auto-exploring this place.
 F = Levels seen in this place.
 G = Mean time per level.
                   A        B        C        D        E       F      G
               +--------+--------+--------+--------+--------+-----+--------+
         Total |    703 |    703 |      0 |      0 |    606 |   1 |  703.0 |
       Dungeon |    703 |    703 |      0 |      0 |    606 |   1 |  703.0 |
               +--------+--------+--------+--------+--------+-----+--------+

Top non-repeatable levels by time:
     D:1: 703 daAuts
